 Dungeon Crawl Stone Soup version 0.24.1-14-gf8d2b509d9 (webtiles) character file.

Game seed: 243266071826854404, levelgen mode: deterministic

14200 lepoulpe303 the Geomancer (level 12, -2/61 HPs)
             Began as a Gargoyle Earth Elementalist on May 26, 2020.
             Was an Elder of Vehumet.
             Slain by a white ugly thing (20 damage)
             ... on level 11 of the Dungeon on May 27, 2020.
             The game lasted 01:26:08 (16767 turns).

lepoulpe303 the Geomancer (GrEE)                   Turns: 16767, Time: 01:26:09

Health: -2/61      AC: 16    Str: 12    XL:     12   Next: 14%
Magic:  34/43      EV: 14    Int: 20    God:    Vehumet [****..]
Gold:   143        SH:  4    Dex: 11    Spells: 10/30 levels left

rFire    + + .     SeeInvis .   m - +0 morningstar (holy)
rCold    . . .     Gourm    .   N - +0 buckler
rNeg     + + .     Faith    .   Z - +0 leather armour {rF+} {rF+}
rPois    ∞         Spirit   .   u - +0 helmet
rElec    +         Reflect  .   v - +2 cloak
rCorr    .         Harm     .   (no gloves)
MR       .....                  (no boots)
Stlth    +++.......             G - amulet of magic regeneration
HPRegen  0.20/turn              I - ring "Jaqick" {rPois rF+ rN+ MP+9}
MPRegen  0.53/turn              c - ring "Zicsufiuca" {rElec MP+9 Stlth+}

@: no status effects
A: negative energy resistance 1, electricity resistance, unbreathing,
petrification resistance, rot immunity, AC +8
a: Renounce Religion


You were on level 11 of the Dungeon.
You worshipped Vehumet.
Vehumet was greatly pleased with you.
You were not hungry.

You visited 2 branches of the dungeon, and saw 12 of its levels.
You also visited: Sewer.

You collected 697 gold pieces.
You spent 554 gold pieces at shops.

Inventory:

Hand Weapons
 b - a +3 mace
 m - a +0 morningstar of holy wrath (weapon)
Missiles
 B - 29 poisoned darts (quivered)
 Q - 69 stones
 T - a throwing net {=f}
Armour
 u - a +0 helmet (worn)
 v - a +2 cloak (worn)
 D - a +1 robe of magic resistance {MR+}
 K - the +0 pair of gloves of Onlan {*Corrode rElec Str+3 Int+4}
   (You found it on level 6 of the Dungeon)

   It affects your strength (+3).
   It affects your intelligence (+4).
   It insulates you from electricity.
   It may corrode you when you take damage.
 N - a +0 buckler (worn)
 Z - a +0 leather armour of fire resistance (worn) {rF+}
Jewellery
 a - the ring "Ficofo" {rC+ Str+5}
   (You found it on level 10 of the Dungeon)

   [ring of strength]

   It affects your strength (+5).
   It protects you from cold.
 c - the ring "Zicsufiuca" (right hand) {rElec MP+9 Stlth+}
   (You bought it in a shop on level 4 of the Dungeon)

   [ring of magical power]

   It insulates you from electricity.
   It affects your magic capacity (+9).
   It makes you more stealthy.
 n - an uncursed ring of fire {rF+, rC-}
 r - a +3 ring of protection
 C - an uncursed ring of resist corrosion
 G - an amulet of magic regeneration (around neck)
 I - the ring "Jaqick" (left hand) {rPois rF+ rN+ MP+9}
   (You found it on level 10 of the Dungeon)

   [ring of poison resistance]

   It protects you from fire.
   It protects you from poison.
   It protects you from negative energy.
   It affects your magic capacity (+9).
 J - a +5 ring of slaying
 S - an uncursed ring of see invisible
Wands
 M - a wand of flame (18)
 W - a wand of disintegration (17)
 X - a wand of paralysis (11)
 Y - a wand of scattershot (11)
Scrolls
 f - a scroll of enchant weapon {unknown}
 g - 2 scrolls of enchant armour {unknown}
 i - 3 scrolls of identify
 k - a scroll of noise {unknown}
 q - a scroll of fog {unknown}
 s - 2 scrolls of immolation {unknown}
 t - 6 scrolls of teleportation
 w - 5 scrolls of remove curse
 y - a scroll of blinking {unknown}
 A - a scroll of random uselessness {unknown}
 P - 4 scrolls of magic mapping {unknown}
 V - a scroll of torment {unknown}
Potions
 d - 4 potions of degeneration {unknown}
 h - 4 potions of haste
 j - 4 potions of lignification {!q}
 l - 4 potions of heal wounds
 o - a potion of might {unknown}
 p - a potion of invisibility {unknown}
 x - a potion of resistance
 z - 3 potions of ambrosia
 E - 2 potions of cancellation {unknown}
 F - a potion of agility {unknown}
 H - a potion of flight {unknown}
 O - 2 potions of brilliance {unknown}
Comestibles
 e - 12 rations
 L - 8 chunks of flesh


   Skills:
 + Level 1.2 Fighting
 + Level 5.1 Maces & Flails
 - Level 4.0 Armour
 + Level 6.3 Dodging
 - Level 2.1 Stealth
 - Level 4.0 Shields
 * Level 9.9 Spellcasting
 + Level 1.1 Conjurations
 - Level 5.0 Transmutations
 + Level 1.0 Fire Magic
 * Level 12.7 Earth Magic


You had 10 spell levels left.
You knew the following spells:

 Your Spells              Type           Power        Failure   Level  Hunger
a - Sandblast             Erth           ######       1%          1    None
b - Sting                 Conj/Pois      ##..         1%          1    None
c - Petrify               Tmut/Erth      #####...     2%          4    ##.....
s - Sticky Flame          Conj/Fire      ##......     16%         4    ##.....
w - Passwall              Tmut/Erth      #####...     1%          2    None
x - Stone Arrow           Conj/Erth      #####.       1%          3    None
z - Lee's Rapid Deconstr  Erth           ######....   1%          5    #####..

Your spell library contained the following spells:

 Spells                   Type           Power        Failure   Level  Hunger
 Olgreb's Toxic Radiance  Pois           #.......     22%         4    ##.....
 Animate Skeleton         Necr           N/A          9%          1    None
 Confusing Touch          Hex            #.....       9%          1    None
 Pain                     Necr           #...         9%          1    None
 Summon Small Mammal      Summ           #...         9%          1    None
 Call Imp                 Summ           #.......     14%         2    None
 Yara's Violent Unravell  Hex/Tmut       ###.......   22%         5    #####..
 Call Canine Familiar     Summ           #.......     26%         3    None
 Confuse                  Hex            #.......     26%         3    None
 Gell's Gravitas          Tloc           #.........   26%         3    None
 Regeneration             Chrm/Necr      #.........   26%         3    None
 Summon Guardian Golem    Hex/Summ       #.......     26%         3    None
 Vampiric Draining        Necr           #.........   26%         3    None
 Animate Dead             Necr           N/A          65%         4    ##.....
 Summon Ice Beast         Ice/Summ       #.......     65%         4    ##.....
 Summon Lightning Spire   Summ/Air       #.......     65%         4    ##.....
 Metabolic Englaciation   Hex/Ice        #.........   94%         5    #####..


Dungeon Overview and Level Annotations

Branches:
Dungeon (11/15)            Temple (1/1) D:7            Lair (0/6) D:11
    Orc (0/2) D:9           Sewer (visited)

Altars:
Cheibriados
Elyvilon
Hepliaklqana
Nemelex Xobeh
Qazlal
Trog
Vehumet
Yredelemnul
The Shining One

Shops:
D:4 !=?   D:8 :

Annotations:
D:8 3 runed translucent doors, harkrass's ghost, novice MiFi


Innate Abilities, Weirdness & Mutations

You are resistant to torment.
Your stone body is resilient. (AC +8)
You are immune to poison.
You resist negative energy. (rN+)
You are resistant to electric shocks. (rElec)
You can survive without breathing.
You are immune to petrification.
You are immune to rotting.


Message History

The blast of sand hits the white ugly thing but does no damage.
Q - 69 stones You block the white ugly thing's attack.
You hit the white ugly thing.
You block the white ugly thing's attack.
The white ugly thing misses you.
You puncture the white ugly thing!
The white ugly thing claws you but does no damage.
You closely miss the white ugly thing.
The white ugly thing closely misses you.
You puncture the white ugly thing!
The white ugly thing claws you but does no damage.
You hit the white ugly thing. The white ugly thing claws you!
The white ugly thing freezes you!!
Ouch! That really hurt!
* * * LOW HITPOINT WARNING * * *
The white ugly thing claws you.
* * * LOW HITPOINT WARNING * * *
The white ugly thing freezes you!!
You die...

#............
#......#######
#......#......
#.....##......
#.....#.......
#.....#.......
#######.....'.......
..(...(.....#########...
#####...........@u......
#...................
#######.............
#.............
#.............
##############


You could see a white ugly thing.

Levels and vault maps discovered:
D:1:      ncdulo_halloftheorcs, layout_basic, chequers_decorated_corner
D:2:      layout_basic, first_ration, uniq_robin
D:3:      layout_loops_ring, uniq_sigmund
D:4:      layout_rooms, serial_shops, shop_scrolls, nicolae_shop_stone,
          nicolae_shop_waterfront, serial_co_window_serial, co_window_corner_a,
          co_window_paths_a, co_window_corner_a, co_window_corner_a,
          co_window_corner_a, co_window_paths_c, co_window_cross_2,
          co_window_of_opportunity_c, co_window_broadway_a,
          co_window_of_opportunity_b, co_window_broadway_a, co_window_corner_b,
          glass_columns_c, uniq_grinder
D:5:      layout_layer_cave, minmay_gold_behind_fungi
D:6:      layout_basic, gup_sewer_entry_glass
D:7:      layout_rooms, grunt_qazlal_clouds, minmay_temple_entry_gardened_gates
D:8:      layout_basic, serial_shops, shop_fountains,
          gammafunk_ghost_necromancy, uniq_pikel
D:9:      layout_irregular_city, erik_orc_4, kennysheep_flooded_box
D:10:     minmay_the_grid_triangle_9x9_rhombus_thin_mashed
          [minmay_the_grid_triangle_9x9_windchime,
          minmay_the_grid_triangle_9x9_prize_special,
          minmay_the_grid_triangle_9x9_pentomino_pain,
          minmay_the_grid_triangle_9x9_flanged_cone], layout_gridville
D:11:     layout_irregular_city, lair_entry_dummy, uniq_urug, uniq_fannar
Temple:   roderic_octagonal_lattice_temple

Notes
Turn   | Place    | Note
-------+----------+-------------------------------------------
     0 | D:1      | lepoulpe303 the Gargoyle Earth Elementalist began the quest
                  | for the Orb.
     0 | D:1      | Reached XP level 1. HP: 10/10 MP: 3/3
   352 | D:1      | Reached XP level 2. HP: 15/15 MP: 5/5
   356 | D:1      | Learned a level 2 spell: Passwall
   576 | D:1      | Identified a +0 club
   607 | D:1      | Reached skill level 4 in Earth Magic
   748 | D:1      | Reached skill level 1 in Armour
   921 | D:1      | Reached XP level 3. HP: 15/19 MP: 6/6
   926 | D:1      | Learned a level 3 spell: Stone Arrow
  1070 | D:1      | Identified a +0 leather armour (You found it on level 1 of
                  | the Dungeon)
  1083 | D:2      | Identified a +0 dagger
  1089 | D:2      | Identified a +0 spear
  1089 | D:2      | Identified a +0 animal skin
  1089 | D:2      | Identified a +0 helmet
  1089 | D:2      | Noticed Robin
  1093 | D:2      | Reached skill level 1 in Transmutations
  1094 | D:2      | Identified a +0 dagger
  1582 | D:2      | Reached XP level 4. HP: 23/24 MP: 4/7
  1587 | D:2      | Identified a +0 club
  1754 | D:2      | Identified a +0 club
  1792 | D:2      | Identified a +0 club
  1792 | D:2      | Identified a +0 club
  1962 | D:2      | Killed Robin
  2154 | D:2      | Reached skill level 2 in Dodging
  2243 | D:2      | Reached skill level 2 in Armour
  2371 | D:2      | Reached XP level 5. HP: 28/28 MP: 7/9
  2566 | D:3      | Identified a cursed -3 club
  2699 | D:3      | Reached skill level 3 in Spellcasting
  2750 | D:3      | Identified a +0 flail
  2750 | D:3      | Identified a +0 ring mail
  2821 | D:3      | Identified a +0 club
  2878 | D:3      | Identified a +0 club
  2880 | D:3      | Identified a +0 scythe
  2880 | D:3      | Identified a +0 robe
  2880 | D:3      | Noticed Sigmund
  2900 | D:3      | Reached skill level 5 in Earth Magic
  3281 | D:3      | Killed Sigmund
  3281 | D:3      | Reached XP level 6. HP: 32/32 MP: 0/11
  3431 | D:3      | Identified a +0 club
  3657 | D:4      | Identified 4 scrolls of identify
  3657 | D:4      | Identified a +2 dagger of protection (You found it on level
                  | 4 of the Dungeon)
  3660 | D:4      | Identified a ring of poison resistance (You found it on
                  | level 2 of the Dungeon)
  3662 | D:4      | Identified a ring of fire (You found it on level 2 of the
                  | Dungeon)
  3724 | D:4      | Reached skill level 2 in Transmutations
  3827 | D:4      | Found Pidimeot's Distillery.
  3836 | D:4      | Identified a +2 cloak (You found it on level 4 of the
                  | Dungeon)
  3841 | D:4      | Found Engo's Jewellery Shoppe.
  3883 | D:4      | Noticed a phantom
  3924 | D:4      | Killed a phantom
  3924 | D:4      | Reached skill level 6 in Earth Magic
  3924 | D:4      | Reached XP level 7. HP: 28/36 MP: 0/12
  3930 | D:4      | Learned a level 4 spell: Petrify
  3956 | D:4      | Identified a +0 mace
  3976 | D:4      | Identified a +0 club
  3976 | D:4      | Identified a +0 leather armour
  4038 | D:4      | Identified a +0 dagger
  4038 | D:4      | Identified a +0 robe
  4041 | D:4      | Reached skill level 4 in Spellcasting
  4080 | D:4      | Identified a +0 whip
  4080 | D:4      | Identified a +0 robe
  4081 | D:4      | Identified a +0 spear
  4082 | D:4      | Identified a cursed +0 chain mail
  4083 | D:4      | Identified a +0 halberd
  4170 | D:4      | Noticed Grinder
  4176 | D:4      | Killed Grinder
  4176 | D:4      | Reached skill level 3 in Armour
  4623 | D:4      | Reached skill level 3 in Dodging
  4623 | D:4      | Reached XP level 8. HP: 41/41 MP: 8/14
  4634 | D:4      | Learned a level 5 spell: Lee's Rapid Deconstruction
  4651 | D:4      | Found Ybeyxub's Magic Scroll Shop.
  4656 | D:4      | Bought a scroll of teleportation for 39 gold pieces
  4957 | D:5      | Entered Level 5 of the Dungeon
  4963 | D:5      | Reached skill level 3 in Transmutations
  5225 | D:5      | Reached skill level 7 in Earth Magic
  5308 | D:5      | Identified a +0 mace
  5308 | D:5      | Identified a +0 mace
  5308 | D:5      | Identified a +0 ring mail
  5337 | D:5      | Reached skill level 5 in Spellcasting
  5340 | D:5      | Identified a cursed -2 mace
  5340 | D:5      | Identified a +0 leather armour
  5425 | D:5      | Identified a +0 club
  5425 | D:5      | Identified a +0 ring mail
  5425 | D:5      | Identified a +0 dagger
  5425 | D:5      | Identified a +0 robe
  5626 | D:5      | Identified a +0 short sword
  5628 | D:5      | Identified a +0 dagger
  5628 | D:5      | Identified a +0 scale mail
  5842 | D:5      | Identified a +0 falchion
  5848 | D:5      | Identified a +0 dagger
  5848 | D:5      | Identified a +1 robe of magic resistance
  6876 | D:6      | Identified 3 scrolls of remove curse
  6877 | D:6      | Identified a ring of protection (You found it on level 5 of
                  | the Dungeon)
  6885 | D:6      | Identified a +0 shortbow
  6914 | D:6      | Reached skill level 4 in Armour
  6980 | D:6      | Identified a +0 war axe
  6981 | D:6      | Identified a +0 scale mail
  6981 | D:6      | Identified a +0 club
  6981 | D:6      | Identified a +0 ring mail
  6982 | D:6      | Identified a +0 leather armour
  6982 | D:6      | Identified a +0 dagger
  6982 | D:6      | Identified a +0 robe
  7004 | D:6      | Found a glowing drain.
  7016 | D:6      | Identified a +0 dagger
  7016 | D:6      | Identified a +0 robe
  7017 | D:6      | Identified a +0 leather armour
  7018 | D:6      | Identified a +0 hand axe
  7018 | D:6      | Identified a +0 ring mail
  7022 | D:6      | Reached skill level 4 in Transmutations
  7048 | Sewer    | Entered a sewer
  7158 | Sewer    | Identified a cursed -3 club
  7159 | Sewer    | Identified a +0 dagger
  7221 | Sewer    | Noticed Purgy
  7240 | Sewer    | Killed Purgy
  7240 | Sewer    | Reached XP level 9. HP: 45/45 MP: 2/17
  7314 | D:6      | Reached skill level 8 in Earth Magic
  7702 | D:6      | Identified a +0 trident
  7703 | D:6      | Identified a +0 short sword
  7703 | D:6      | Identified a +0 leather armour
  7704 | D:6      | Identified a +0 club
  7704 | D:6      | Identified a cursed -1 trident
  7709 | D:6      | Identified a +0 battleaxe
  7709 | D:6      | Identified a cursed +0 plate armour
  7711 | D:6      | Reached skill level 6 in Spellcasting
  7784 | D:7      | Reached skill level 4 in Dodging
  7863 | D:7      | Identified a +0 shortbow
  7981 | D:7      | Found a staircase to the Ecumenical Temple.
  8006 | Temple   | Entered the Ecumenical Temple
  8063 | Temple   | Became a worshipper of Vehumet
  8358 | D:7      | You fall into a shaft and drop 1 floor!
  8359 | D:8      | Identified a +0 giant club
  8377 | D:7      | Reached skill level 5 in Transmutations
  8480 | D:7      | Found a stormy altar of Qazlal.
  8501 | D:7      | Reached skill level 9 in Earth Magic
  8883 | D:7      | Reached skill level 7 in Spellcasting
  8909 | D:7      | Reached XP level 10. HP: 43/50 MP: 16/20
  8912 | D:7      | Identified a +0 mace of protection
  8915 | D:7      | Identified a +0 mace
  8915 | D:7      | Identified a +0 chain mail
  8917 | D:7      | Identified a +2 short sword of speed
  8917 | D:7      | Identified a cursed +0 ring mail
  8961 | D:7      | Identified a +0 battleaxe
  8961 | D:7      | Identified a +0 plate armour
  9101 | D:7      | Identified a +1 spear of venom
  9101 | D:7      | Identified a +0 ring mail
  9105 | D:7      | Identified a +0 halberd
  9106 | D:7      | Identified a +0 flail
  9107 | D:7      | Identified a +0 spear
  9886 | D:6      | Reached * piety under Vehumet
  9886 | D:6      | Offered knowledge of Sting by Vehumet.
  9886 | D:6      | Reached skill level 1 in Maces & Flails
  9886 | D:6      | Reached skill level 10 in Earth Magic
  9889 | D:6      | Learned a level 1 spell: Sting
 10014 | D:6      | Identified a cursed -2 dagger
 10014 | D:6      | Identified a +0 robe
 10015 | D:6      | Identified a +0 flail
 10015 | D:6      | Identified a +0 ring mail
 10023 | D:6      | Identified a +0 battleaxe
 10023 | D:6      | Identified a +0 chain mail
 10075 | D:6      | Identified a +0 club
 10092 | D:6      | Identified a +0 leather armour
 10480 | D:6      | Got a pair of faintly humming gloves
 10486 | D:6      | Identified the cursed +0 pair of gloves of Onlan {*Corrode
                  | rElec Str+3 Int+4} (You found it on level 6 of the Dungeon)
 10800 | D:8      | Found a runed translucent gate.
 10835 | D:8      | Identified a +0 shortbow
 10845 | D:8      | Identified a +0 dagger
 10845 | D:8      | Identified a +0 robe
 10845 | D:8      | Identified a +3 mace
 10845 | D:8      | Identified a +0 war axe
 10845 | D:8      | Identified a +0 leather armour
 10885 | D:8      | Reached skill level 2 in Maces & Flails
 10889 | D:8      | Identified a +0 trident
 11181 | D:8      | Reached skill level 5 in Dodging
 11182 | D:8      | Offered knowledge of Throw Frost by Vehumet.
 11183 | D:8      | Reached ** piety under Vehumet
 11351 | D:8      | Reached skill level 8 in Spellcasting
 11458 | D:8      | Identified a +0 whip of freezing
 11458 | D:8      | Identified a +2 robe of fire resistance
 11458 | D:8      | Noticed Pikel
 11484 | D:8      | Killed Pikel
 11611 | D:8      | Found Takotaw's Book Shop.
 11659 | D:8      | Found a runed translucent gate.
 11660 | D:8      | Found a runed translucent gate.
 11662 | D:8      | Noticed harkrass's ghost (novice MiFi)
 11783 | D:9      | Identified a +0 shortbow
 11788 | D:9      | Reached skill level 11 in Earth Magic
 11840 | D:9      | Identified a +0 trident
 11840 | D:9      | Identified a +0 plate armour
 11840 | D:9      | Identified a +0 dagger
 11840 | D:9      | Identified a +0 robe
 11840 | D:9      | Identified a +0 dagger
 11840 | D:9      | Identified a +0 robe
 11841 | D:9      | Identified a +0 whip
 11841 | D:9      | Identified a +0 ring mail
 11842 | D:9      | Identified a +2 antimagic dagger
 11842 | D:9      | Identified a +0 robe
 12083 | D:9      | Reached skill level 3 in Maces & Flails
 12149 | D:9      | Identified a +0 dagger
 12155 | D:9      | Identified a +0 dagger
 12155 | D:9      | Identified a +0 whip
 12156 | D:9      | Identified an uncursed ring of resist corrosion
 12174 | D:9      | Identified a +0 shortbow
 12178 | D:9      | Identified a +0 giant club
 12178 | D:9      | Identified a +0 dire flail
 12178 | D:9      | Noticed a two-headed ogre
 12244 | D:9      | Identified a +0 flail
 12250 | D:9      | Identified a +0 buckler
 12265 | D:9      | Identified a +0 long sword
 12265 | D:9      | Identified a +0 leather armour
 12317 | D:9      | Reached XP level 11. HP: 54/54 MP: 5/23
 12381 | D:9      | Identified a +0 ring mail
 12499 | D:9      | Identified a scarf of spirit shield (You found it on level
                  | 9 of the Dungeon)
 12504 | D:9      | Identified a +0 club
 12504 | D:9      | Identified a +0 ring mail
 12605 | D:9      | Identified a +0 short sword
 12762 | D:9      | Identified a +0 flail
 12774 | D:9      | Identified a +0 dagger
 12774 | D:9      | Identified a +0 robe
 12775 | D:9      | Identified a +0 dagger
 12775 | D:9      | Identified a +0 leather armour
 12777 | D:9      | Found a staircase to the Orcish Mines.
 12777 | D:9      | Identified a +0 giant club
 12777 | D:9      | Identified a +0 whip
 12781 | D:9      | Identified a +0 trident
 12884 | D:9      | Identified a +0 dagger of venom
 12884 | D:9      | Identified a +0 robe
 12891 | D:9      | Identified a +0 dagger
 12891 | D:9      | Identified a +0 robe
 12893 | D:9      | Offered knowledge of Inner Flame by Vehumet.
 12894 | D:9      | Identified a +0 dagger
 12967 | D:9      | Identified a +0 battleaxe
 12967 | D:9      | Identified a +0 plate armour
 13091 | D:9      | Reached skill level 1 in Shields
 13166 | D:9      | Identified a +0 giant club
 13166 | D:9      | Identified a +0 giant club
 13166 | D:9      | Noticed a two-headed ogre
 13187 | D:9      | Killed a two-headed ogre
 13259 | D:9      | Reached *** piety under Vehumet
 13267 | D:9      | Identified a +0 giant spiked club
 13267 | D:9      | Identified a +0 giant club
 13267 | D:9      | Noticed a two-headed ogre
 13291 | D:9      | Killed a two-headed ogre
 13291 | D:9      | Reached skill level 2 in Shields
 13291 | D:9      | Reached skill level 9 in Spellcasting
 13422 | D:9      | Identified a cursed -3 mace
 13620 | D:9      | Killed a two-headed ogre
 13620 | D:9      | Reached skill level 4 in Maces & Flails
 13757 | D:9      | Identified a +0 dagger
 14173 | D:4      | Bought the ring "Zicsufiuca" {rElec MP+9 Stlth+} for 515
                  | gold pieces
 14175 | D:4      | Identified a ring of slaying (You found it on level 7 of
                  | the Dungeon)
 14176 | D:4      | Identified an amulet of magic regeneration (You found it on
                  | level 6 of the Dungeon)
 14501 | D:10     | Entered Level 10 of the Dungeon
 14517 | D:10     | Identified a +0 giant club
 14517 | D:10     | Identified a +0 giant club
 14517 | D:10     | Noticed a two-headed ogre
 14530 | D:10     | Killed a two-headed ogre
 14530 | D:10     | Reached skill level 6 in Dodging
 14530 | D:10     | Reached skill level 12 in Earth Magic
 14808 | D:10     | Reached skill level 3 in Shields
 14837 | D:10     | Identified a +0 leather armour of fire resistance (You
                  | found it on level 10 of the Dungeon)
 14861 | D:10     | Identified a +0 short sword
 14861 | D:10     | Identified a +0 dagger
 14862 | D:10     | Identified a +0 whip
 14863 | D:10     | Identified a +0 short sword
 14866 | D:10     | Identified a +0 short sword
 14882 | D:10     | Offered knowledge of Sticky Flame by Vehumet.
 15000 | D:10     | Identified a +0 short sword
 15002 | D:10     | Identified a cursed -1 club
 15002 | D:10     | Identified a +0 dagger
 15317 | D:10     | Identified a ring of see invisible (You found it on level
                  | 10 of the Dungeon)
 15398 | D:10     | Identified a +0 club
 15398 | D:10     | Identified a +0 ring mail of cold resistance
 15400 | D:10     | Identified a +0 long sword
 15400 | D:10     | Identified the amulet of Gozag's Brutal Revenge {Harm
                  | *Drain Fragile rN+++ Str+8 Int-5}
 15400 | D:10     | Noticed a deep elf mage
 15405 | D:10     | Identified a +0 demon trident
 15410 | D:10     | Reached **** piety under Vehumet
 15415 | D:10     | Killed a deep elf mage
 15418 | D:10     | Identified a +0 long sword
 15418 | D:10     | Identified the ring of Temptation {rC+ Str-3 Dex+5 Stlth-}
 15418 | D:10     | Noticed a deep elf mage
 15428 | D:10     | HP: 9/54 [ice beast[a deep elf mage] (7)]
 15435 | D:10     | Killed a deep elf mage
 15743 | D:10     | Got a coiled iron ring
 15745 | D:10     | Identified the ring "Ficofo" {rC+ Str+5} (You found it on
                  | level 10 of the Dungeon)
 15754 | D:10     | Got a brightly glowing pewter ring
 15756 | D:10     | Identified the ring "Jaqick" {rPois rF+ rN+ MP+9} (You
                  | found it on level 10 of the Dungeon)
 15841 | D:10     | Identified a +0 morningstar of holy wrath (You found it on
                  | level 10 of the Dungeon)
 16022 | D:11     | Found a staircase to the Lair.
 16028 | D:11     | Learned a level 4 spell: Sticky Flame
 16053 | D:11     | Identified a +0 trident
 16053 | D:11     | Identified a cursed +0 plate armour
 16054 | D:11     | Identified a +0 whip
 16055 | D:11     | Identified a +0 dagger of venom
 16072 | D:11     | Offered knowledge of Olgreb's Toxic Radiance by Vehumet.
 16077 | D:11     | Reached XP level 12. HP: 59/59 MP: 25/25
 16126 | D:11     | Identified 4 potions of heal wounds
 16127 | D:11     | Identified 4 potions of lignification
 16128 | D:11     | Identified 4 potions of haste
 16129 | D:11     | Identified 3 potions of ambrosia
 16189 | D:11     | HP: 15/60 [yak (9)]
 16192 | D:11     | Reached skill level 5 in Maces & Flails
 16576 | D:11     | Reached skill level 1 in Fighting
 16590 | D:11     | Reached skill level 4 in Shields
 16590 | D:11     | Reached skill level 1 in Conjurations
 16590 | D:11     | Reached skill level 1 in Fire Magic
 16767 | D:11     | Slain by a white ugly thing

Table legend:
 A = Turns spent in this place as a percentage of turns spent in the entire game.
 B = Non-inter-level travel turns spent in this place as a percentage of non-inter-level travel turns spent in the entire game.
 C = Inter-level travel turns spent in this place as a percentage of turns spent in this place.
 D = Turns resting spent in this place as a percentage of non-inter-level travel turns spent in this place.
 E = Turns spent auto-exploring this place as a percentage of non-inter-level travel turns spent in this place.
 F = Non-inter-level travel turns spent in this place divided by the number of levels of this place that you've seen.
                   A       B       C       D       E      F
               +-------+-------+-------+-------+-------+----------------------
         Total | 100.0 | 100.0 |   6.2 |  37.0 |  36.9 | 1210.2
       Dungeon |  98.0 |  98.1 |   6.1 |  37.1 |  36.8 | 1402.8
        Temple |   0.5 |   0.3 |  45.6 |   0.0 |  90.7 |  43.0
         Sewer |   1.5 |   1.6 |   0.0 |  38.6 |  32.8 | 259.0
               +-------+-------+-------+-------+-------+----------------------

Table legend:
 A = Kills in this place as a percentage of kills in entire the game.
 B = Kills by you in this place as a percentage of kills by you in the entire game.
 C = Kills by friends in this place as a percentage of kills by friends in the entire game.
 D = Other kills in this place as a percentage of other kills in the entire game.
 E = Experience gained in this place as a percentage of experience gained in the entire game.
 F = Experience gained in this place divided by the number of levels of this place that you have seen.
                   A       B       C       D       E      F
               +-------+-------+-------+-------+-------+----------------------
         Total | 100.0 | 100.0 |   N/A |   N/A | 100.0 | 1560.5
       Dungeon |  98.3 |  98.3 |   N/A |   N/A |  99.3 | 1831.5
         Sewer |   1.7 |   1.7 |   N/A |   N/A |   0.7 | 140.0
               +-------+-------+-------+-------+-------+----------------------

Skill      XL: |  1  2  3  4  5  6  7  8  9 10 11 12 |
---------------+-------------------------------------+-----
Earth Magic    | 4 5 6 7 9 11 12 | 12.7
Armour         | 1 2 3 4 |  4.0
Transmutations | 1 2 4 5 |  5.0
Dodging        | 2 3 4 5 6 |  6.3
Spellcasting   | 3 4 5 7 8 9 |  9.9
Maces & Flails | 3 4 5 |  5.1
Shields        | 3 4 |  4.0
Fighting       | 1 |  1.2
Conjurations   | 1 |  1.1
Fire Magic     | 1 |  1.0
Stealth        | |  2.1

Action                   |  1- 3 |  4- 6 |  7- 9 | 10-12 || total
-------------------------+-------+-------+-------+-------++-------
Melee: Unarmed           |   135 |    59 |       |       ||   194
       Dagger            |       |   217 |   366 |       ||   583
       Mace              |       |       |       |   319 ||   319
       Morningstar       |       |       |       |    28 ||    28
Throw: Dart              |     2 |       |    29 |    53 ||    84
 Cast: Sandblast         |    22 |    26 |   103 |    54 ||   205
       Stone Arrow       |     1 |    25 |    51 |   190 ||   267
       Lee's Rapid Decon |       |       |     4 |    12 ||    16
       Passwall          |       |       |     2 |       ||     2
       Petrify           |       |       |     1 |    10 ||    11
       Sting             |       |       |       |    14 ||    14
Evoke: Wand              |       |       |       |     9 ||     9
  Use: Scroll            |       |     3 |     1 |     6 ||    10
 Stab: Sleeping          |     4 |     4 |     2 |     3 ||    13
       Distracted        |     1 |       |       |       ||     1
       Petrified         |       |       |     8 |    11 ||    19
  Eat: Chunk             |     3 |    10 |    18 |    14 ||    45
       Ration            |       |       |     1 |     5 ||     6
Armor: Robe              |    43 |       |       |       ||    43
       Leather armour    |    25 |   109 |   235 |   244 ||   613
Dodge: Dodged            |   123 |   173 |   316 |   303 ||   915
Block: Buckler           |       |       |       |    43 ||    43

Vanquished Creatures
  4 two-headed ogres
  Pikel (D:8)
  2 deep elf magi (D:10)
  A cyclops (D:11)
  Grinder (D:4)
  5 hippogriffs
  Sigmund (D:3)
  4 yaks (D:11)
  2 wyverns
  A basilisk (D:10)
  A warg (D:9)
  A hungry ghost (D:7)
  A water moccasin (D:8)
  Purgy (Sewer)
  8 sky beasts
  6 orc warriors
  4 ice beasts
  4 slaves (D:8)
  A black bear (D:6)
  2 ogres
  A phantom (D:4)
  A necrophage (D:8)
  2 eyes of draining
  5 centaurs
  A crocodile (D:11)
  3 big kobolds
  9 bullfrogs
  A wyvern skeleton (D:10)
  4 scorpions
  14 killer bees
  6 howler monkeys
  9 crimson imps
  2 jellies
  2 centaur zombies
  2 quasits
  A gnoll shaman (D:4)
  5 hounds
  11 orc priests
  A bullfrog zombie (D:10)
  2 bullfrog skeletons
  5 centaur skeletons
  4 iguanas
  13 orc wizards
  10 worker ants
  A hound skeleton (D:5)
  Robin (D:2)
  A howler monkey zombie (D:7)
  4 worker ant zombies
  A howler monkey skeleton (D:7)
  8 gnolls
  17 adders
  2 shadow imps
  2 oozes
  An adder zombie (D:9)
  2 adder skeletons
  2 worms
  4 dart slugs
  7 leopard geckos
  39 orcs
  4 ball pythons
  13 bats
  7 giant cockroaches
  12 goblins
  10 hobgoblins
  10 jackals
  3 quokkas
  7 frilled lizards
  22 kobolds
  A leopard gecko skeleton (D:4)
  13 rats
359 creatures vanquished.

Vanquished Creatures (others)
  6 toadstools (D:5)
6 creatures vanquished.

Grand Total: 365 creatures vanquished
